Map: Terraform LE (Void)

Players

NightEnD - Winner!

  • Race: Protoss Protoss
  • League: Master

yupWildCard

  • Race: Zerg Zerg
  • League: Diamond

Event: ASL Season 5 Prime League LOTV Beta

VOD

Have the link to the VOD?

Description

Time

  • Played on: Sept. 8, 2015, 9:19 p.m.
  • Length: 6:40

All games in this series

Show
View Real Time Build Order
Export as new Build Order

NightEnD Protoss - Winner!

Build Orders: 1 Gate Expand 

Get SALT Encoding   

  12  0:00  Probe (Chrono Boost)  
  13  0:10  Probe (Chrono Boost)  
  14  0:18  Pylon  
  14  0:22  Probe (Chrono Boost)  
  15  0:36  Probe (Chrono Boost)  
  15  0:40  Gateway  
  16  0:46  Probe (Chrono Boost)  
  17  0:56  Probe (Chrono Boost)  
  18  1:06  Probe (Chrono Boost)  
  19  1:16  Nexus  
  19  1:18  Probe (Chrono Boost)  
  20  1:26  Assimilator  
  20  1:28  Probe (Chrono Boost)  
  21  1:33  Assimilator  
  21  1:38  Probe (Chrono Boost)  
  22  1:45  Cybernetics Core  
  22  1:48  Probe (Chrono Boost)  
  22  1:52  Pylon  
  23  2:10  Probe (Chrono Boost)  
  23  2:11  Pylon  
  24  2:21  Mothership Core (Chrono Boost)  
  26  2:26  Adept  
  26  2:28  Probe (Chrono Boost)  
  26  2:29  Warp Gate  
  29  2:39  Probe x2 (Chrono Boost)  
  31  2:49  Probe x2 (Chrono Boost)  
  33  2:56  Gateway  
  33  2:58  Gateway  
  33  3:00  Pylon  
  33  3:01  Probe x2 (Chrono Boost)  
  35  3:14  Probe (Chrono Boost), Robotics Facility  
  35  3:15  Probe (Chrono Boost)  
  39  3:20  Adept  
  39  3:24  Probe (Chrono Boost)  
  39  3:25  Probe (Chrono Boost)  
  41  3:34  Probe (Chrono Boost)  
  41  3:35  Probe (Chrono Boost)  
  43  3:45  Adept x2  
  43  3:47  Adept  
  46  4:00  Immortal (Chrono Boost)  
  44  4:25  Probe  
  44  4:27  Probe  
  44  4:35  Probe  
  44  4:36  Immortal (Chrono Boost)  
  47  4:40  Adept x3  
  52  4:45  Probe  
  52  4:46  Probe  
  54  4:55  Gateway  
  54  4:59  Gateway  
  54  5:08  Warp Prism (Chrono Boost)  
  54  5:13  Adept x3  
  62  5:19  Pylon  
  62  5:24  Pylon  
  62  5:27  Gateway  
  62  5:39  Adept  
  62  5:40  Adept x2  
  68  6:02  Adept x5  
  74  6:23  Adept x5  
Show
View Real Time Build Order
Export as new Build Order

yupWildCard Zerg 

Build Orders: Hatch First 

Get SALT Encoding   

  12  0:00  Drone  
  13  0:08  Drone  
  14  0:16  Overlord  
  14  0:22  Drone, Extractor  
  15  0:36  Drone x2  
  17  0:43  Drone  
  18  0:56  Hatchery  
  17  0:59  Drone  
  18  1:05  Drone  
  19  1:16  Spawning Pool  
  18  1:18  Drone  
  19  1:27  Drone  
  19  1:29  Extractor  
  19  1:37  Drone  
  20  1:53  Drone  
  21  2:01  Drone  
  22  2:06  Roach Warren  
  22  2:08  Queen  
  23  2:10  Queen  
  23  2:11  Drone  
  26  2:17  Overlord  
  26  2:20  Overlord  
  26  2:47  Roach x5  
  36  2:51  Spine Crawler  
  36  2:55  Drone  
  36  2:59  Drone  
  37  3:12  Drone x2  
  39  3:18  Overlord  
  39  3:19  Drone x4  
  43  3:28  Drone  
  43  3:31  Lair  
  44  3:36  Drone x2  
  46  3:43  Drone x3  
  49  3:55  Drone x2  
  51  4:01  Drone  
  52  4:04  Overlord  
  52  4:08  Extractor x2  
  50  4:24  Drone x5  
  50  4:25  Drone  
  56  4:38  Drone x4  
  50  4:49  Hydralisk Den  
  50  4:52  Extractor  
  48  4:53  Roach x6  
  48  4:54  Hatchery  
  48  4:55  Drone, Overlord x2  
  60  5:03  Hatchery  
  59  5:11  Overlord  
  59  5:17  Drone x2  
  59  5:20  Hydralisk x2, Muscular Augments  
  65  5:30  Hydralisk x2  
  69  5:39  Roach x2  
  69  5:40  Roach x2  
  77  5:48  Drone x3  
  80  5:53  Queen  
  80  5:54  Overlord  
  82  6:05  Overseer  
  82  6:07  Overseer  
  81  6:16  Roach  
  81  6:17  Roach x4  
Tags
 
Add a new tag
Caveats
  • Supply blocks, unpowered buildings, or Contaminate may cause inaccurate times.
  • Supply counts are checked every 10 seconds.